[Event "Titled Tuesday Blitz January 17 Early 2023"]
[White "Sarana, Alexey"]
[Black "Shuvalova, Polina"]
[WhiteFideId "24133795"]
[BlackFideId "24171760"]
[WhiteElo "2685"]
[BlackElo "2484"]
[Result "1-0"]
[Round "02"]
[TimeControl "180+2"]
[Date "2023.01.17"]
[WhiteClock "0:00:14"]
[BlackClock "0:00:07"]

1. c4 e6 2. Nc3 d5 3. d4 Nf6 4. cxd5 Nxd5 5. e4 Nxc3 6. bxc3 c5 7. a3 Be7 8. Nf3 O-O 9. h4 b6 10. h5 h6 11. Rh3 Ba6 12. Rg3 Kh8 13. Bxa6 Nxa6 14. Ne5 Bh4 15. Rd3 cxd4 16. cxd4 Rc8 17. Qg4 Bf6 18. Bf4 Rc2 19. Rad1 Qc8 20. Kf1 Nb8 21. Qf3 Bxe5 22. Bxe5 Nc6 23. Bd6 Rd8 24. e5 Kg8 25. Qg4 Qd7 26. Rg3 f5 27. exf6 Qf7 28. Qe4 Qxf6 29. Qxc2 Rxd6 30. Qe4 Nxd4 31. Rg6 Qd8 32. Qe5 Qd7 33. g3 Rd5 34. Qe4 b5 35. Kg2 a5 36. Rc1 b4 37. axb4 axb4 38. Rc4 b3 39. Rb4 Kf7 40. Rb8 Rf5 41. Rb7 Rd5 42. Qxd5 exd5 43. Rxd7+ Ke8 44. Rxd5 b2 45. Rb6 1-0


[Site "https://www.chess.com"]

[Event "Titled Tuesday Blitz January 17 Early 2023"]
[White "Dehtiarov, Roman"]
[Black "Deac, Bogdan-Daniel"]
[WhiteFideId "14186640"]
[BlackFideId "1226380"]
[WhiteElo "2289"]
[BlackElo "2700"]
[Result "0-1"]
[Round "02"]
[TimeControl "180+2"]
[Date "2023.01.17"]
[WhiteClock "0:00:02"]
[BlackClock "0:00:06"]

1. e4 g6 2. d4 Bg7 3. Nc3 c6 4. Nf3 d6 5. Be3 Bg4 6. h3 Bxf3 7. Qxf3 Nf6 8. O-O-O Qa5 9. Bc4 Nbd7 10. Bb3 e6 11. Kb1 d5 12. e5 Ng8 13. Qe2 O-O-O 14. f4 h5 15. Na4 h4 16. Bd2 Qb5 17. c4 Qa6 18. Rc1 Ne7 19. Qf2 Kb8 20. cxd5 cxd5 21. Bb4 Nf5 22. Bc2 Rc8 23. Bxf5 gxf5 24. Nc5 Nxc5 25. Bxc5 Bf8 26. Ka1 Bxc5 27. Rxc5 Rxc5 28. dxc5 Qc4 29. Qe3 d4 30. Qc1 Qd5 31. Rd1 Rg8 32. b4 Rxg2 33. Qb1 Rh2 34. Qb3 Qxb3 35. axb3 Rxh3 36. Rxd4 Rxb3 37. Ka2 Rf3 38. Rd7 Rxf4 39. Rxf7 Rxb4 40. Rf6 Re4 41. Rxe6 h3 42. Rh6 Rxe5 43. Rxh3 Rxc5 0-1


[Site "https://www.chess.com"]

[Event "Titled Tuesday Blitz January 17 Early 2023"]
[White "Paravyan, David"]
[Black "Klose, Eli"]
[WhiteFideId "4194985"]
[BlackFideId "16242955"]
[WhiteElo "2601"]
[BlackElo "1519"]
[Result "1-0"]
[Round "02"]
[TimeControl "180+2"]
[Date "2023.01.17"]
[WhiteClock "0:00:20"]
[BlackClock "0:00:21"]

1. Nf3 Nf6 2. c4 c5 3. Nc3 Nc6 4. g3 d6 5. Bg2 Bd7 6. O-O g6 7. d4 cxd4 8. Nxd4 Bg7 9. b3 O-O 10. Bb2 Qa5 11. e3 Rfe8 12. h3 Rac8 13. Re1 Qh5 14. Qxh5 Nxh5 15. Rad1 Nf6 16. Kh2 Kf8 17. g4 a6 18. g5 Ng8 19. Nd5 Nxd4 20. exd4 Bc6 21. Nb6 Rc7 22. Rd2 Bxg2 23. Kxg2 h6 24. h4 h5 25. f4 Rd8 26. a4 e6 27. d5 Bxb2 28. Rxb2 exd5 29. Nxd5 Rc5 30. Rbe2 b5 31. axb5 axb5 32. Re4 bxc4 33. bxc4 Rdc8 34. Nb6 Rd8 35. Kf3 Rc6 36. Nd5 Rdc8 37. Rc1 Rc5 38. Nb6 R8c7 39. Rce1 R5c6 40. Re8+ Kg7 41. Nd5 Rxc4 42. Nxc7 Rxc7 43. R1e3 Rb7 44. R8e4 Rc7 45. Ke2 Rb7 46. Re8 Rd7 47. Kd3 d5 48. Kd4 Ra7 49. Kxd5 Ra4 50. R3e4 Rxe4 51. Kxe4 f5+ 52. Ke5 Kf7 53. Rxg8 Kxg8 54. Kf6 Kh7 55. Kf7 Kh8 56. Kxg6 Kg8 57. Kxf5 Kh7 58. Kf6 Kh8 59. Kg6 Kg8 60. f5 Kh8 61. f6 Kg8 62. Kxh5 Kh8 63. Kg4 Kh7 64. h5 Kg8 65. g6 Kh8 66. h6 Kg8 67. Kf4 Kf8 68. Ke5 Kg8 69. Kd6 Kh8 70. Ke7 Kg8 71. f7+ Kh8 72. f8=Q# 1-0


[Site "https://www.chess.com"]

[Event "Titled Tuesday Blitz January 17 Early 2023"]
[White "Bluebaum, Matthias"]
[Black "Aloma Vidal, Robert"]
[WhiteFideId "24651516"]
[BlackFideId "2260409"]
[WhiteElo "2669"]
[BlackElo "2442"]
[Result "1-0"]
[Round "02"]
[TimeControl "180+2"]
[Date "2023.01.17"]
[WhiteClock "0:01:07"]
[BlackClock "0:00:02"]

1. d4 d5 2. c4 c6 3. Nf3 Nf6 4. Nc3 e6 5. Qc2 dxc4 6. e4 b5 7. Be2 Nbd7 8. O-O Bb7 9. b3 cxb3 10. axb3 b4 11. Na4 Be7 12. Bf4 O-O 13. Nc5 Nxc5 14. dxc5 a5 15. Rfd1 Qc8 16. Bd6 Re8 17. e5 Nd5 18. Bxe7 Nxe7 19. Ng5 Ng6 20. h4 Qc7 21. f4 Nf8 22. h5 h6 23. Ne4 Ba6 24. Bxa6 Rxa6 25. g4 a4 26. Rxa4 Rxa4 27. bxa4 Rb8 28. Rb1 Qa5 29. Qb3 Qa6 30. Kf2 Rd8 31. Nd6 Nd7 32. Rc1 Qa7 33. Ne4 Nf8 34. Rd1 Rd5 35. g5 hxg5 36. h6 Ng6 37. hxg7 Kxg7 38. Rh1 Nxf4 39. Qg3 Rxe5 40. Qh2 Kf8 41. Qh8+ Ke7 42. Qf6+ Kd7 43. Qxf7+ Kc8 44. Rh8# 1-0


[Site "https://www.chess.com"]

[Event "Titled Tuesday Blitz January 17 Early 2023"]
[White "Eljanov, Pavel"]
[Black "Piesik, Piotr"]
[WhiteFideId "14102951"]
[BlackFideId "1136194"]
[WhiteElo "2705"]
[BlackElo "2426"]
[Result "1-0"]
[Round "02"]
[TimeControl "180+2"]
[Date "2023.01.17"]
[WhiteClock "0:00:06"]
[BlackClock "0:00:01"]

1. c4 g6 2. g3 Bg7 3. Bg2 Nc6 4. Nc3 d6 5. Nf3 e5 6. d3 f5 7. O-O Nf6 8. Rb1 a5 9. a3 O-O 10. b4 axb4 11. axb4 h6 12. b5 Ne7 13. c5 Be6 14. Bb2 g5 15. b6 c6 16. Na4 g4 17. cxd6 gxf3 18. dxe7 Qxe7 19. Bxf3 Nd7 20. Qc2 Qb4 21. Nc3 Nxb6 22. Bc1 Qa5 23. Be3 e4 24. Nxe4 Nd5 25. Nc5 Nxe3 26. fxe3 Bc8 27. Nxb7 Qa7 28. Nc5 Rf6 29. d4 Qe7 30. Rb3 h5 31. Bxh5 Bh6 32. e4 fxe4 33. Rbb1 Rxf1+ 34. Rxf1 Be3+ 35. Kg2 Bxd4 36. Nxe4 Be6 37. Bf3 1-0


[Site "https://www.chess.com"]

[Event "Titled Tuesday Blitz January 17 Early 2023"]
[White "Gabdrakhmanov, Azat"]
[Black "Bortnyk, Olexandr"]
[WhiteFideId "34189197"]
[BlackFideId "14120828"]
[WhiteElo "2316"]
[BlackElo "2605"]
[Result "0-1"]
[Round "02"]
[TimeControl "180+2"]
[Date "2023.01.17"]
[WhiteClock "0:00:04"]
[BlackClock "0:00:31"]

1. e4 Nf6 2. e5 Nd5 3. d4 d6 4. Nf3 dxe5 5. Nxe5 c6 6. Be2 Bf5 7. O-O Nd7 8. Nd3 e6 9. c4 N5f6 10. Bf4 Be7 11. Nc3 O-O 12. Qb3 Qb6 13. Rfd1 h6 14. Ne5 Rfd8 15. Rd2 Nxe5 16. Bxe5 Qxb3 17. axb3 Bb4 18. Bd3 Bxd3 19. Rxd3 Nd7 20. Bc7 Nc5 21. Bxd8 Nxd3 22. Ba5 Bxa5 23. Rxa5 Nxb2 24. d5 exd5 25. cxd5 Nd3 26. dxc6 bxc6 27. Kf1 Rb8 28. Rxa7 Rxb3 29. Ne4 Nf4 30. Ra1 Rb4 31. Nd2 Rb2 32. Nc4 Rc2 33. Ne3 Rc3 34. g3 Nd3 35. Rd1 g6 36. Ke2 Ne5 37. Rd8+ Kg7 38. f4 Nc4 39. Nxc4 Rxc4 40. Rc8 Rc2+ 41. Kf3 Kf6 42. h3 h5 43. g4 Rc3+ 44. Ke4 h4 45. g5+ Ke6 46. Re8+ Kd7 47. Rf8 Ke7 48. Rc8 c5 49. Ke5 Re3+ 50. Kd5 Rxh3 51. Rxc5 Re3 52. Rc8 h3 53. Rh8 f5 54. Kd4 Re4+ 55. Kd5 Re3 56. Rh7+ Kf8 57. Kd4 Ra3 58. Ke5 Kg8 59. Rh4 Kg7 60. Ke6 Rf3 61. Ke5 Re3+ 62. Kd5 Kg8 63. Kd6 Rf3 64. Ke5 Kg7 65. Kd5 h2 66. Rxh2 Rxf4 67. Rg2 Kf7 68. Ra2 Rg4 69. Ra7+ Kg8 70. Ke6 Rxg5 71. Kf6 Rg1 72. Rg7+ Kf8 73. Rh7 Ke8 74. Ke6 Kd8 75. Kd6 Kc8 76. Rg7 f4 77. Kc6 Kb8 78. Kb6 Rb1+ 79. Kc6 f3 80. Rg8+ Ka7 81. Rg7+ Ka6 82. Rxg6 f2 83. Kc5+ Ka5 84. Rg8 Rc1+ 0-1


[Site "https://www.chess.com"]

[Event "Titled Tuesday Blitz January 17 Early 2023"]
[White "Narayanan.S.L"]
[Black "Han, Yichen"]
[WhiteFideId "5058422"]
[BlackFideId "1054430"]
[WhiteElo "2660"]
[BlackElo "2413"]
[Result "0-1"]
[Round "02"]
[TimeControl "180+2"]
[Date "2023.01.17"]
[WhiteClock "0:00:13"]
[BlackClock "0:00:45"]

1. d4 d5 2. Nf3 Nf6 3. Bf4 e6 4. e3 Bd6 5. Nbd2 O-O 6. Bd3 c5 7. c3 cxd4 8. cxd4 Bxf4 9. exf4 Nc6 10. O-O b6 11. a3 Bb7 12. Qe2 Rc8 13. Rac1 Ne7 14. Ne5 Nf5 15. Bxf5 exf5 16. f3 Qd6 17. Rfe1 Nd7 18. Nf1 Rfe8 19. Qd2 Nf8 20. Ne3 g6 21. Rxc8 Rxc8 22. g3 Ne6 23. h4 f6 24. Nd3 Nxd4 25. Qf2 Ne6 26. h5 Kf7 27. Ng2 Nc5 28. hxg6+ hxg6 29. Nc1 d4 30. b4 Ne6 31. Rd1 Qd5 32. Ne1 Rc3 33. Ne2 Re3 34. Nxd4 Rxe1+ 35. Rxe1 Nxd4 36. Rc1 Nxf3+ 0-1


[Site "https://www.chess.com"]

[Event "Titled Tuesday Blitz January 17 Early 2023"]
[White "Korobov, Anton"]
[Black "Carnicelli, Valerio"]
[WhiteFideId "14105730"]
[BlackFideId "856185"]
[WhiteElo "2664"]
[BlackElo "2370"]
[Result "1-0"]
[Round "02"]
[TimeControl "180+2"]
[Date "2023.01.17"]
[WhiteClock "0:00:37"]
[BlackClock "0:00:02"]

1. d4 Nf6 2. c4 g6 3. Nc3 Bg7 4. e4 d6 5. Be2 O-O 6. Bg5 c5 7. d5 h6 8. Be3 e6 9. Nf3 exd5 10. cxd5 Re8 11. Nd2 b6 12. a4 Ba6 13. Bb5 h5 14. h3 Bxb5 15. axb5 Nbd7 16. O-O Qc7 17. Qc2 Qb7 18. Nc4 Qc7 19. Ra6 Ne5 20. Nd2 Ned7 21. Rfa1 c4 22. Qa4 Nc5 23. Rxa7 Nxa4 24. Rxc7 Nxb2 25. Rxa8 Rxa8 26. Rc6 Ne8 27. Nxc4 Bxc3 28. Nxb6 Ra1+ 29. Kh2 Be5+ 30. f4 Bg7 31. Rc8 Kf8 32. e5 Nd1 33. Bg1 dxe5 34. d6 Ra7 35. d7 Rxd7 36. Nxd7+ Ke7 37. Nxe5 Nd6 38. Bc5 Ke6 39. Rc6 Bxe5 40. fxe5 Kd5 41. Rxd6+ Kxc5 42. Rxd1 1-0


[Site "https://www.chess.com"]

[Event "Titled Tuesday Blitz January 17 Early 2023"]
[White "Sourath Biswas"]
[Black "Lazavik, Denis"]
[WhiteFideId "35091484"]
[BlackFideId "13515110"]
[WhiteElo "2281"]
[BlackElo "2544"]
[Result "0-1"]
[Round "02"]
[TimeControl "180+2"]
[Date "2023.01.17"]
[WhiteClock "0:00:02"]
[BlackClock "0:00:48"]

1. d4 Nf6 2. Bf4 d5 3. e3 c5 4. Nf3 Nc6 5. Nbd2 Bg4 6. c3 e6 7. Qa4 Nd7 8. Bb5 Qc8 9. Ne5 Ndxe5 10. Bxe5 a6 11. Bxc6+ Qxc6 12. Qxc6+ bxc6 13. Nb3 c4 14. Na5 Kd7 15. b4 cxb3 16. axb3 f6 17. Bg3 c5 18. Nb7 cxd4 19. exd4 Kc6 20. Na5+ Kb6 21. b4 Be7 22. Kd2 h5 23. h4 Bf5 24. Nb3 Ra7 25. Ra5 Rha8 26. Rha1 g5 27. Nc5 Bd8 28. hxg5 fxg5 29. Be5 h4 30. f3 g4 31. fxg4 Bxg4 32. Kc2 Bf5+ 33. Kb3 Bg4 34. Bf4 Be2 35. Nxe6 Bc4+ 36. Ka4 Bf6 37. Nc5 Re8 38. b5 Bxb5+ 39. Kb4 Re2 40. Kb3 Bc4+ 41. Kb4 Rb2+ 0-1


[Site "https://www.chess.com"]

[Event "Titled Tuesday Blitz January 17 Early 2023"]
[White "Vokhidov, Shamsiddin"]
[Black "Kleiman, Jake"]
[WhiteFideId "14204223"]
[BlackFideId "2020041"]
[WhiteElo "2586"]
[BlackElo "2399"]
[Result "1/2-1/2"]
[Round "02"]
[TimeControl "180+2"]
[Date "2023.01.17"]
[WhiteClock "0:00:17"]
[BlackClock "0:00:05"]

1. Nf3 e6 2. c4 Nf6 3. g3 d5 4. Bg2 dxc4 5. Qa4+ c6 6. Qxc4 b5 7. Qc2 Bb7 8. O-O Nbd7 9. d4 a6 10. Nc3 Rc8 11. a4 Qb6 12. Rd1 Be7 13. Bg5 O-O 14. Ne5 Rfd8 15. Nxd7 Rxd7 16. e3 c5 17. dxc5 Rxd1+ 18. Rxd1 Rxc5 19. Bxb7 Qxb7 20. Bxf6 Bxf6 21. axb5 axb5 22. Qd3 h6 23. Ne4 Rd5 24. Nxf6+ gxf6 25. Qe2 Rxd1+ 26. Qxd1 Qe4 27. h3 f5 28. Kh2 Kg7 29. Qd2 b4 30. b3 Kg8 31. Qd8+ Kg7 32. Qd6 Qc2 33. Qd4+ Kh7 34. Qxb4 Qxf2+ 35. Kh1 Qf3+ 36. Kh2 Qf2+ 37. Kh1 Qxg3 38. Qf4 Qxh3+ 39. Kg1 Qh5 40. b4 Qd1+ 41. Kg2 Qd5+ 42. Kh2 Qb5 43. Qd4 Kg6 44. Kg3 Qf1 45. Qc5 Qg1+ 46. Kf3 Qf1+ 47. Kg3 Qg1+ 48. Kf3 Qf1+ 49. Kg3 1/2-1/2


[Site "https://www.chess.com"]

[Event "Titled Tuesday Blitz January 17 Early 2023"]
[White "Aggelis, Nikolaos"]
[Black "Puranik, Abhimanyu"]
[WhiteFideId "4213220"]
[BlackFideId "5061245"]
[WhiteElo "2270"]
[BlackElo "2613"]
[Result "0-1"]
[Round "02"]
[TimeControl "180+2"]
[Date "2023.01.17"]
[WhiteClock "0:00:02"]
[BlackClock "0:00:13"]

1. Nf3 Nf6 2. g3 g6 3. Bg2 Bg7 4. O-O O-O 5. d4 d6 6. b3 c5 7. c4 Ne4 8. Bb2 Nc6 9. e3 Bf5 10. Nh4 cxd4 11. Nxf5 gxf5 12. exd4 Qb6 13. Nd2 Nxd2 14. Qxd2 Nxd4 15. Bxb7 Rab8 16. Bg2 Ne6 17. Bxg7 Nxg7 18. Rfe1 e6 19. Rad1 Rfd8 20. h4 a5 21. Qg5 Rd7 22. h5 Qd8 23. Qf4 Nxh5 24. Qh6 Ng7 25. Bc6 Rc7 26. Ba4 Qf8 27. Kg2 Ne8 28. Qxf8+ Kxf8 29. Bxe8 Kxe8 30. Rxd6 a4 31. Rd3 axb3 32. axb3 Rcb7 33. Rh1 Rxb3 34. Rxb3 Rxb3 35. Rxh7 Rc3 36. Rh4 Ke7 37. Kf1 e5 38. Ke2 e4 39. Rh6 Rxc4 40. Ra6 Rc3 41. Rb6 Rd3 42. Ra6 Rd6 43. Ra5 Kf6 44. Rb5 Kg5 45. Rb8 Ra6 46. Rg8+ Kf6 47. Rb8 Ra2+ 48. Ke3 Ra3+ 49. Ke2 f4 50. gxf4 Kf5 51. Rh8 Kxf4 52. Rh4+ Ke5 53. Rh8 f5 54. Kd2 Ra2+ 55. Ke1 f4 56. Re8+ Kf5 57. Rg8 Ra1+ 58. Ke2 f3+ 59. Ke3 Re1+ 60. Kd4 Rd1+ 61. Kc3 Kf4 62. Rf8+ Kg4 63. Re8 Kh3 64. Rg8 e3 65. Rg3+ Kh4 66. Rxf3 e2 67. Rf4+ Kg5 68. Re4 e1=Q+ 69. Rxe1 Rxe1 0-1


[Site "https://www.chess.com"]

[Event "Titled Tuesday Blitz January 17 Early 2023"]
[White "Demin, Vladimir"]
[Black "Bortnyk, Mykola"]
[WhiteFideId "4167457"]
[BlackFideId "14120836"]
[WhiteElo "2430"]
[BlackElo "2425"]
[Result "1-0"]
[Round "02"]
[TimeControl "180+2"]
[Date "2023.01.17"]
[WhiteClock "0:00:44"]
[BlackClock "0:00:36"]

1. d4 d5 2. Nc3 Nf6 3. Bf4 c5 4. e4 Nxe4 5. Nxe4 dxe4 6. dxc5 Qa5+ 7. c3 Qxc5 8. Qa4+ Bd7 9. Qxe4 Bc6 10. Qc2 e5 11. Be3 Qa5 12. Nf3 Nd7 13. Bc4 Be7 14. Bg5 Bxf3 15. Bxe7 Bxg2 16. O-O-O Kxe7 17. Qf5 Bc6 18. Qxf7+ Kd8 19. Rxd7+ Bxd7 20. Rd1 Kc8 21. Rxd7 Qb6 22. Be6 Kb8 23. Bd5 Qh6+ 24. Kd1 Kc8 25. Rc7+ 1-0


[Site "https://www.chess.com"]

[Event "Titled Tuesday Blitz January 17 Early 2023"]
[White "Niekras, Dawid"]
[Black "Lu, Shanglei"]
[WhiteFideId "1160451"]
[BlackFideId "8603332"]
[WhiteElo "2315"]
[BlackElo "2596"]
[Result "0-1"]
[Round "02"]
[TimeControl "180+2"]
[Date "2023.01.17"]
[WhiteClock "0:00:13"]
[BlackClock "0:01:37"]

1. e4 c5 2. Nf3 d6 3. Nc3 Nf6 4. e5 dxe5 5. Nxe5 Nbd7 6. d4 e6 7. Bb5 a6 8. Bxd7+ Nxd7 9. Qh5 g6 10. Qf3 Qf6 11. Qxf6 Nxf6 12. Bg5 Nd7 13. Ne4 cxd4 14. Nf6+ Nxf6 15. Bxf6 Rg8 16. O-O-O Be7 17. Bxe7 Kxe7 18. Rxd4 f6 19. Nc4 e5 20. Rd2 Be6 21. Na5 Rab8 22. Rhd1 Rgc8 23. Rd6 Rc5 24. b4 Rc7 25. Kb2 Rbc8 26. c4 Bxc4 27. Nxc4 Rxc4 28. Rd7+ Ke6 29. R1d6+ Kf5 30. Rxb7 Rc2+ 31. Kb3 R8c3+ 32. Ka4 Rxa2# 0-1


[Site "https://www.chess.com"]

[Event "Titled Tuesday Blitz January 17 Early 2023"]
[White "Lenderman, Aleksandr"]
[Black "Royal, Shreyas"]
[WhiteFideId "2021285"]
[BlackFideId "448869"]
[WhiteElo "2572"]
[BlackElo "2438"]
[Result "1-0"]
[Round "02"]
[TimeControl "180+2"]
[Date "2023.01.17"]
[WhiteClock "0:01:52"]
[BlackClock "0:01:37"]

1. Nf3 Nf6 2. c4 e6 3. e3 d5 4. d4 Be7 5. Nc3 b6 6. cxd5 exd5 7. Bd3 Bb7 8. O-O Nbd7 9. b3 O-O 10. Bb2 Re8 11. Ne2 Ne4 12. Rc1 c6 13. Nf4 Rc8 14. Ne5 Ndf6 15. Qe2 Bd6 16. Ba6 Qe7 17. Rc2 Bxa6 18. Qxa6 c5 19. Nf3 Bxf4 20. exf4 Rcd8 21. Ne5 Qe6 22. f3 Nd6 23. dxc5 bxc5 24. Rxc5 Nd7 25. Ra5 f6 26. Nxd7 Rxd7 27. Bd4 Qe2 28. Qxe2 Rxe2 29. Rxd5 Rxa2 30. Bc5 1-0


[Site "https://www.chess.com"]

[Event "Titled Tuesday Blitz January 17 Early 2023"]
[White "Svane, Rasmus"]
[Black "Williams, Simon K"]
[WhiteFideId "4657101"]
[BlackFideId "404454"]
[WhiteElo "2623"]
[BlackElo "2465"]
[Result "1-0"]
[Round "02"]
[TimeControl "180+2"]
[Date "2023.01.17"]
[WhiteClock "0:00:27"]
[BlackClock "0:00:17"]

1. Nf3 f5 2. d3 Nc6 3. e4 e5 4. d4 fxe4 5. Nxe5 d6 6. Nxc6 bxc6 7. d5 Nf6 8. Nc3 Be7 9. Bc4 O-O 10. dxc6+ Kh8 11. Be3 Qe8 12. Bd5 Qg6 13. Qd4 Nxd5 14. Nxd5 Bd8 15. O-O-O Be6 16. h4 h5 17. Kb1 Rf5 18. Nf4 Qf7 19. Nxe6 Qxe6 20. Qb4 Qc8 21. Qxe4 Bf6 22. Rd5 Rxd5 23. Qxd5 Qg4 24. g3 a5 25. Qb5 Qc8 26. Qxh5+ Kg8 27. Qd5+ Kh8 28. h5 Qg4 29. h6 Rb8 30. hxg7+ Kxg7 31. b3 a4 32. Qd3 axb3 33. Qh7+ Kf8 34. Bh6+ Ke8 35. Re1+ Be5 36. axb3 Ra8 37. Qh8+ 1-0


[Site "https://www.chess.com"]

[Event "Titled Tuesday Blitz January 17 Early 2023"]
[White "Leiva, Gianmarco"]
[Black "Timofeev, Artyom"]
[WhiteFideId "3804399"]
[BlackFideId "4140419"]
[WhiteElo "2392"]
[BlackElo "2567"]
[Result "0-1"]
[Round "02"]
[TimeControl "180+2"]
[Date "2023.01.17"]
[WhiteClock "0:00:01"]
[BlackClock "0:00:17"]

1. e4 c5 2. Nf3 Nc6 3. Bb5 d6 4. O-O Bd7 5. Re1 a6 6. Bf1 Bg4 7. c3 g6 8. d3 Bg7 9. Nbd2 Nf6 10. h3 Bd7 11. d4 cxd4 12. cxd4 O-O 13. Bd3 Rc8 14. a3 Be8 15. b3 Nd7 16. Bb2 b5 17. Rc1 Nb6 18. Rc2 Bd7 19. Qb1 Nb8 20. Rec1 h6 21. Bc3 Nc6 22. Qb2 d5 23. e5 Be6 24. Nf1 Qd7 25. Ng3 Qb7 26. Bd2 Nd7 27. Ne2 Rfd8 28. Nf4 Nf8 29. Be2 Bf5 30. Bd3 Bxd3 31. Nxd3 Ne6 32. Nc5 Nxc5 33. Rxc5 Na7 34. Ne1 Rxc5 35. Rxc5 e6 36. Qc1 h5 37. Rc7 Qb8 38. Nd3 Rc8 39. Rxc8+ Nxc8 40. Qc6 Ne7 41. Qxa6 Nf5 42. Bc3 Qc7 43. Nc5 Bxe5 44. Qxb5 Bxd4 45. Bxd4 Nxd4 46. Qe8+ Kg7 47. Nd7 Qd6 48. g3 Nxb3 49. Kh2 Nd4 50. f4 h4 51. Ne5 hxg3+ 52. Kxg3 Nf5+ 53. Kg2 Qc7 54. Nd7 Qc2+ 55. Kg1 Qd1+ 56. Kg2 Qe2+ 57. Kg1 Qe1+ 58. Kg2 Nh4+ 59. Kh2 Qf2+ 60. Kh1 Qg2# 0-1


[Site "https://www.chess.com"]

[Event "Titled Tuesday Blitz January 17 Early 2023"]
[White "Gholami Orimi, Mahdi"]
[Black "Rangel, Daniel"]
[WhiteFideId "12558486"]
[BlackFideId "2124475"]
[WhiteElo "2420"]
[BlackElo "2207"]
[Result "1-0"]
[Round "02"]
[TimeControl "180+2"]
[Date "2023.01.17"]
[WhiteClock "0:00:18"]
[BlackClock "0:00:08"]

1. d4 Nf6 2. c4 e6 3. Nc3 d5 4. Nf3 c6 5. e3 Nbd7 6. a3 a5 7. Bd2 Bd6 8. Rc1 O-O 9. h3 Re8 10. Qb3 Qe7 11. Bd3 b6 12. O-O Rb8 13. e4 dxe4 14. Nxe4 Nxe4 15. Bxe4 c5 16. Rfe1 Nf6 17. Bb1 Bb7 18. d5 Qd7 19. Bc3 exd5 20. Bxf6 gxf6 21. Qd3 f5 22. cxd5 Rbd8 23. Nh4 Rxe1+ 24. Rxe1 Re8 25. Rd1 Qe7 26. g3 Qe4 27. Nxf5 Qxd3 28. Bxd3 Bf8 29. Bc4 Rd8 30. a4 h5 31. h4 Kh7 32. b3 Kg6 33. Ne3 Bg7 34. Ng2 Bd4 35. Nf4+ Kh6 36. Re1 Rg8 37. Kg2 Bc8 38. Re7 Rf8 39. d6 Bg4 40. Rxf7 Rxf7 41. Bxf7 Be5 42. Be6 Bxf4 43. Bxg4 Bxd6 44. Bd7 Be5 45. Be8 Kg7 46. Bxh5 Kf6 47. Be2 Bd4 48. f4 Bc3 49. Kf3 Be1 50. h5 Kf5 51. g4+ Kf6 52. g5+ Kf5 53. Bd3+ Ke6 54. Ke4 Bc3 55. Bc4+ Ke7 56. Kf5 Bd2 57. h6 Kf8 58. Kg4 Bc3 59. f5 Bd2 60. Kh5 Bc1 61. Kg6 Bf4 62. h7 Be5 63. f6 1-0


[Site "https://www.chess.com"]

[Event "Titled Tuesday Blitz January 17 Early 2023"]
[White "Tarlabasi, Emirhan"]
[Black "Narayanan, Srinath"]
[WhiteFideId "6350275"]
[BlackFideId "5018420"]
[WhiteElo "2300"]
[BlackElo "2559"]
[Result "0-1"]
[Round "02"]
[TimeControl "180+2"]
[Date "2023.01.17"]
[WhiteClock "0:00:12"]
[BlackClock "0:00:48"]

1. d4 Nf6 2. c4 e6 3. Nf3 d5 4. Nc3 Bb4 5. e3 O-O 6. a3 Bxc3+ 7. bxc3 b6 8. Qc2 Ba6 9. Ne5 c5 10. Bd3 Qc7 11. cxd5 Bxd3 12. Qxd3 exd5 13. O-O Nc6 14. Nf3 Rfe8 15. c4 cxd4 16. cxd5 Ne5 17. Qxd4 Rad8 18. Nxe5 Rxd5 19. Qf4 Qxe5 20. Qxe5 Rdxe5 21. Bb2 R5e6 22. Rfd1 h5 23. a4 Ne4 24. a5 b5 25. Bd4 a6 26. Rac1 Nd6 27. Rc5 g6 28. Rd5 Nc4 29. Bc3 f6 30. h3 Kf7 31. Rd7+ R8e7 32. Rd8 Rb7 33. Bb4 Ne5 34. Rf8+ Kg7 35. Rc8 g5 36. Rdd8 Kg6 37. e4 Nc6 38. Bc3 Nxd8 39. Rxd8 b4 40. Bb2 Rb5 41. f3 Rxa5 42. Rd4 Rb5 43. h4 a5 44. hxg5 fxg5 45. Rd7 a4 46. g4 hxg4 47. fxg4 a3 48. Bd4 b3 49. Rg7+ Kh6 50. Rg8 b2 51. Rh8+ Kg6 52. Rg8+ Kh7 53. Rh8+ Kg6 54. Rg8+ Kf7 55. Rg7+ Kf8 0-1


[Site "https://www.chess.com"]

[Event "Titled Tuesday Blitz January 17 Early 2023"]
[White "Dardha, Daniel"]
[Black "Tasev, Dejan"]
[WhiteFideId "240990"]
[BlackFideId "936618"]
[WhiteElo "2631"]
[BlackElo "2205"]
[Result "1-0"]
[Round "02"]
[TimeControl "180+2"]
[Date "2023.01.17"]
[WhiteClock "0:01:41"]
[BlackClock "0:00:29"]

1. d4 e6 2. c4 f5 3. Nc3 Nf6 4. Nf3 d5 5. Qc2 c6 6. Bf4 Be7 7. e3 O-O 8. h3 Ne4 9. Ne5 Nd7 10. Be2 Nxe5 11. Bxe5 Bf6 12. Bh2 Bd7 13. Rd1 Be8 14. O-O g5 15. f3 Nd6 16. e4 fxe4 17. Bxd6 Qxd6 18. fxe4 Bg7 19. e5 Rxf1+ 20. Rxf1 Qe7 21. Bd3 dxc4 22. Bxh7+ Kh8 23. Ne4 Rd8 24. Nd6 Rxd6 25. exd6 Bxd4+ 26. Kh1 Qxd6 27. Bg6 Bd7 28. Qe2 Qe7 29. Qh5+ Kg8 30. Rf7 1-0


[Site "https://www.chess.com"]

[Event "Titled Tuesday Blitz January 17 Early 2023"]
[White "Szpar, Milosz"]
[Black "Demchenko, Anton"]
[WhiteFideId "1184989"]
[BlackFideId "4160258"]
[WhiteElo "2447"]
[BlackElo "2623"]
[Result "1-0"]
[Round "02"]
[TimeControl "180+2"]
[Date "2023.01.17"]
[WhiteClock "0:00:10"]
[BlackClock "0:00:13"]

1. e4 e5 2. Nf3 Nc6 3. Bb5 a6 4. Ba4 Nf6 5. O-O Be7 6. d3 d6 7. c3 O-O 8. Re1 Re8 9. h3 Bf8 10. Nbd2 g6 11. Nf1 Bg7 12. Ng3 Bd7 13. d4 Qe7 14. Bc2 a5 15. Be3 b5 16. Qd2 a4 17. Bh6 Bh8 18. a3 Na5 19. Rad1 Nc4 20. Qc1 c5 21. Nh4 cxd4 22. Nhf5 Bxf5 23. Nxf5 Qc7 24. cxd4 Rac8 25. dxe5 dxe5 26. Bb1 Nh5 27. Ne3 Nf4 28. Nd5 Nxd5 29. Rxd5 Qc6 30. Bd3 Bf6 31. Qc3 Qb6 32. Bf1 Be7 33. Qf3 Bc5 34. Red1 Bf8 35. Bg5 Be7 36. Bc1 Bf8 37. b3 axb3 38. Qxb3 Rb8 39. a4 Nd6 40. axb5 Nxe4 41. Be3 Bc5 42. Rd7 Qf6 43. Bc4 Rf8 44. Rc7 Bxe3 45. Qxe3 Nd6 46. Rc6 Rbd8 47. Bf1 Qe7 48. b6 Nf5 49. Qe1 Nd4 50. Rcc1 Qd6 51. Rb1 Rb8 52. Qa5 Rfd8 53. Re1 Re8 54. b7 Qe7 55. Qa7 Qf6 56. Rec1 Qg5 57. Kh1 Qf4 58. Qa2 Qf6 59. f3 h5 60. Qa7 h4 61. Ba6 Nf5 62. Rc8 Ng3+ 63. Kg1 Rbxc8 64. bxc8=Q Rxc8 65. Bxc8 Qf4 66. Qf2 e4 67. Bb7 e3 68. Qe1 Qd4 69. Qb4 Qe5 70. Be4 Ne2+ 71. Kf1 Ng3+ 72. Ke1 Qf4 73. Qb8+ Qxb8 74. Rxb8+ Kg7 75. Bd3 f5 76. Re8 f4 77. Re6 g5 78. Rg6+ Kf7 79. Rxg5 Nh1 80. Rg4 Nf2 81. Bc4+ Kf6 82. Rxf4+ Ke5 83. Rxh4 Kd6 84. Be2 Nh1 85. Re4 Ng3 86. Rxe3 Kd5 87. f4 Nh1 88. Re5+ Kd4 89. Bf3 Ng3 90. Kf2 Nh1+ 91. Kg1 Ng3 92. Bg4 Nf1 93. Kxf1 Kd3 94. h4 1-0


[Site "https://www.chess.com"]

[Event "Titled Tuesday Blitz January 17 Early 2023"]
[White "Kodinets, Konstantin L."]
[Black "Shimanov, Aleksandr"]
[WhiteFideId "4122011"]
[BlackFideId "4198603"]
[WhiteElo "2409"]
[BlackElo "2581"]
[Result "0-1"]
[Round "02"]
[TimeControl "180+2"]
[Date "2023.01.17"]
[WhiteClock "0:00:10"]
[BlackClock "0:00:15"]

1. d4 e6 2. Nf3 b5 3. Bf4 Bb7 4. Nbd2 Nf6 5. c3 a6 6. e3 c5 7. Bd3 Be7 8. O-O O-O 9. h3 d6 10. Qe2 Nbd7 11. Bh2 Qb6 12. a3 Rac8 13. Rfd1 Rfd8 14. Rac1 Nf8 15. e4 cxd4 16. cxd4 Ng6 17. b4 Qa7 18. Nb3 Qa8 19. Nfd2 Nd7 20. Na5 Nb6 21. Nxb7 Qxb7 22. Nb3 h6 23. Na5 Qd7 24. Qe3 d5 25. Bg3 Nf8 26. exd5 Nxd5 27. Qf3 Bg5 28. Rxc8 Rxc8 29. Be4 Nc3 30. Ra1 Nxe4 31. Qxe4 Qd5 32. Qd3 Ng6 33. Re1 Bf6 34. Rd1 Ne7 35. Kh2 Nf5 36. Be5 Bxe5+ 37. dxe5 Qxe5+ 38. g3 Rc3 39. Qd8+ Kh7 40. Rd3 Rc2 41. Rf3 Nxg3 42. Kg2 Nf5 0-1


[Site "https://www.chess.com"]